Warning! The script has encountered some errors when parsing the replay. Please report them to the . » details
0x00, prev: 0x16: 16 02 01 00 B7 6E 00 00 50 C5 00 00 [00] 00 00 00 00 00 00 00 00 00 00 00 00 00 00 00 00 00 00 00 00 00 00 00 00 00 02 0D 00 68 F3 95 F1 45 60 AD 09 45 00 00 A0 40
0x00, prev: 0x00: 16 02 01 00 B7 6E 00 00 50 C5 00 00 00 00 00 00 00 00 00 00 00 00 00 00 00 00 00 00 00 00 00 00 00 00 00 00 [00] 00 02 0D 00 68 F3 95 F1 45 60 AD 09 45 00 00 A0 40
0x00, prev: 0x01: 16 02 07 00 B7 6E 00 00 50 C5 00 00 CF 64 00 00 66 C8 03 00 1C 6E 00 00 0E 6A 03 00 43 81 00 00 93 C8 03 00 72 82 00 00 E1 69 03 00 AF 83 00 00 3B 6A 03 00 85 85 00 00 39 C8 03 00 00 00 00 00 00 00 00 00 00 00 00 00 00 00 00 00 00 00 00 00 00 00 00 00 01 [00]
0x00, prev: 0x02: 16 02 01 00 BD 75 00 00 BB 86 00 00 00 00 00 00 00 00 00 00 00 00 00 00 00 00 00 00 00 00 00 00 00 00 00 00 02 [00]
General information
- name: BNet
- type: Ladder team game (AT/RT)
- host: Battle.net
- saver: DontTalk2MeNoob
map: RiceFields
- players: 6
- length: 22:37
- speed: Fast
- version: 1.23 W3XP
- replay type: Public
» download(116 KB)
Players
team 1 (loser)
StayFocused. (
green | 153 APM | 1787 actions | 11:41)
5 Death Knight
3 Death Coil
2 Unholy Aura
3 Lich
2 Frost Nova
1 Dark Ritual
» actions
| Assign group hotkey | 24 | |
| Basic commands | 192 | |
| Build / train | 49 | |
| Enter build submenu | 16 | |
| Enter hero's abilities submenu | 9 | |
| Give item / drop item | 2 | |
| Remove unit from queue | 1 | |
| Right click | 783 | |
| Select / deselect | 199 | |
| Select group hotkey | 463 | |
| Use ability | 49 | |
1787 total
» units
| Acolyte | 2 | |
| Ghoul | 4 | |
| Crypt Fiend | 6 | |
| Frost Wyrm | 14 | |
26 total
» upgrades
| Creature Attack | 1 | |
| Creature Carapace | 1 | |
| Web | 1 | |
| Burrow | 1 | |
| Freezing Breath | 1 | |
5 total
» buildings
| Graveyard | 1 | |
| Crypt | 1 | |
| Altar of Darkness | 1 | |
| Ziggurat | 8 | |
| Tomb of Relics | 1 | |
| Nerubian Tower | 1 | |
| Halls of the Dead | 1 | |
| Black Citadel | 1 | |
| Sacrificial Pit | 1 | |
| Boneyard | 2 | |
18 total
» build order
00:05 Graveyard
00:08 Crypt
00:40 Altar of Darkness
00:55 Ziggurat
01:25 Tomb of Relics
02:19 Ziggurat
02:29 Nerubian Tower
03:57 Halls of the Dead
04:22 Ziggurat
05:45 Ziggurat
06:30 Black Citadel
07:28 Sacrificial Pit
09:06 Boneyard
09:08 Boneyard
10:53 Ziggurat
11:13 Ziggurat
11:14 Ziggurat
11:30 Ziggurat
» items
| Rod of Necromancy | 1 | |
| Potion of Healing | 1 | |
| Scroll of Town Portal | 1 | |
3 total
ShadowVampire (
yellow | 60 APM | 702 actions | 11:41)
2 Lich
1 Frost Nova
1 Frost Armor
2 Dark Ranger
1 Life Drain
1 Silence
» actions
| Assign group hotkey | 2 | |
| Basic commands | 3 | |
| Build / train | 33 | |
| Enter build submenu | 21 | |
| Enter hero's abilities submenu | 4 | |
| Give item / drop item | 2 | |
| Right click | 410 | |
| Select / deselect | 189 | |
| Select group hotkey | 6 | |
| Use ability | 32 | |
702 total
» units
| Acolyte | 4 | |
| Ghoul | 12 | |
| Crypt Fiend | 5 | |
21 total
» buildings
| Altar of Darkness | 2 | |
| Crypt | 2 | |
| Ziggurat | 5 | |
| Graveyard | 2 | |
| Halls of the Dead | 1 | |
| Spirit Tower | 2 | |
| Temple of the Damned | 1 | |
| Slaughterhouse | 1 | |
| Tomb of Relics | 1 | |
| Black Citadel | 1 | |
| Necropolis | 1 | |
19 total
» build order
00:11 Altar of Darkness
00:13 Crypt
00:18 Ziggurat
00:23 Ziggurat
01:13 Graveyard
02:13 Ziggurat
03:39 Halls of the Dead
03:56 Spirit Tower
04:08 Spirit Tower
04:46 Ziggurat
08:05 Temple of the Damned
09:12 Ziggurat
09:20 Slaughterhouse
09:29 Tomb of Relics
11:02 Black Citadel
11:41 Graveyard
» items
| Orb of Corruption | 1 | |
| Sacrificial Skull | 1 | |
2 total

»
bluevm (
orange | 100 APM | 1169 actions | 11:41)
4 Far Seer
2 Feral Spirit
2 Chain Lighting
2 Shadow Hunter
1 Serpent Ward
1 Healing Wave
» actions
| Assign group hotkey | 25 | |
| Basic commands | 142 | |
| Build / train | 82 | |
| Enter build submenu | 19 | |
| Enter hero's abilities submenu | 7 | |
| Right click | 381 | |
| Select / deselect | 229 | |
| Select group hotkey | 214 | |
| Use ability | 70 | |
1169 total
» units
| Peon | 17 | |
| Grunt | 8 | |
| Troll Witch Doctor | 5 | |
| Shaman | 4 | |
| Wind Rider | 8 | |
42 total
» upgrades
| Armor | 3 | |
| Melee Weapons | 1 | |
| Berserker Strength | 1 | |
| Pillage | 1 | |
| Witch Doctor Training | 2 | |
| Ranged Weapons | 2 | |
| Shaman Training | 2 | |
| Troll Regeneration | 1 | |
| Spiked Barricades | 1 | |
| Reinforced Defenses | 1 | |
| Envenomed Spears | 1 | |
16 total
» buildings
| Altar of Storms | 1 | |
| Orc Burrow | 6 | |
| Barracks | 1 | |
| Voodoo Lounge | 1 | |
| Stronghold | 1 | |
| War Mill | 1 | |
| Great Hall | 1 | |
| Fortress | 1 | |
| Spirit Lodge | 2 | |
| Beastiary | 2 | |
| Watch Tower | 2 | |
19 total
» build order
00:14 Altar of Storms
00:17 Orc Burrow
01:11 Barracks
01:32 Orc Burrow
02:22 Voodoo Lounge
03:24 Stronghold
03:30 Orc Burrow
04:27 War Mill
04:30 Orc Burrow
06:48 Great Hall
07:33 Fortress
08:57 Spirit Lodge
09:00 Spirit Lodge
11:13 Beastiary
11:19 Watch Tower
11:41 Watch Tower
» items
| Orb of Lightning | 2 | |
| Scroll of Town Portal | 3 | |
| Potion of Healing | 4 | |
| Healing Salve | 1 | |
| Potion of Mana | 1 | |
11 total
team 2 (winner)

»
DontTalk2MeNoob (
purple | 132 APM | 1546 actions | 11:41)
2 Dark Ranger
1 Silence
1 Life Drain
» actions
| Assign group hotkey | 64 | |
| Basic commands | 90 | |
| Build / train | 53 | |
| Enter build submenu | 17 | |
| Enter hero's abilities submenu | 9 | |
| Give item / drop item | 1 | |
| Right click | 650 | |
| Select / deselect | 186 | |
| Select group hotkey | 432 | |
| Use ability | 44 | |
1546 total
» units
| Wisp | 15 | |
| Chimaera | 6 | |
| Hippogryph | 9 | |
30 total
» upgrades
| Strength of the Wild | 3 | |
| Corrosive Breath | 1 | |
| Reinforced Hides | 1 | |
5 total
» buildings
| Moon Well | 8 | |
| Altar of Elders | 1 | |
| Tree of Ages | 1 | |
| Tree of Eternity | 1 | |
| Ancient of Wind | 3 | |
| Hunter's Hall | 1 | |
| Tree of Life | 1 | |
| Chimaera Roost | 3 | |
19 total
» build order
00:18 Moon Well
00:33 Altar of Elders
02:26 Tree of Ages
02:36 Moon Well
02:39 Moon Well
04:49 Tree of Eternity
04:55 Ancient of Wind
04:59 Hunter's Hall
06:24 Tree of Life
07:31 Chimaera Roost
07:32 Chimaera Roost
07:33 Chimaera Roost
08:28 Moon Well
08:28 Moon Well
11:19 Moon Well
11:41 Moon Well
» items
| Book of the Dead | 1 | |
| Scroll of the Beast | 1 | |
2 total

»
AzN_VaL (
blue | 42 APM | 494 actions | 11:41)
3 Paladin
2 Divine Shield
1 Holy Light
» actions
| Basic commands | 7 | |
| Build / train | 57 | |
| Enter build submenu | 17 | |
| Enter hero's abilities submenu | 4 | |
| Remove unit from queue | 6 | |
| Right click | 224 | |
| Select / deselect | 146 | |
| Use ability | 33 | |
494 total
» units
| Peasant | 22 | |
| Footman | 7 | |
| Rifleman | 6 | |
35 total
» upgrades
| Defend | 1 | |
| Swords | 3 | |
| Lumber Harvesting | 2 | |
| Long Rifles | 1 | |
| Gunpowder | 2 | |
| Plating | 0 | |
| Armor | 1 | |
10 total
» buildings
| Altar of Kings | 1 | |
| Farm | 8 | |
| Barracks | 1 | |
| Lumber Mill | 2 | |
| Keep | 1 | |
| Blacksmith | 1 | |
| Castle | 1 | |
| Town Hall | 1 | |
16 total
» build order
00:08 Altar of Kings
00:11 Farm
00:48 Barracks
01:54 Lumber Mill
02:02 Farm
02:38 Keep
02:55 Blacksmith
04:24 Farm
04:33 Farm
05:27 Farm
05:31 Farm
05:33 Castle
06:24 Farm
06:29 Farm
11:41 Town Hall
kazumy (
red | 72 APM | 843 actions | 11:41)
3 Death Knight
2 Death Coil
1 Unholy Aura
2 Lich
1 Frost Nova
1 Frost Armor
» actions
| Assign group hotkey | 20 | |
| Basic commands | 1 | |
| Build / train | 50 | |
| Enter build submenu | 16 | |
| Enter hero's abilities submenu | 9 | |
| Remove unit from queue | 1 | |
| Right click | 285 | |
| Select / deselect | 187 | |
| Select group hotkey | 229 | |
| Use ability | 45 | |
843 total
» units
| Acolyte | 11 | |
| Ghoul | 5 | |
| Frost Wyrm | 12 | |
| Crypt Fiend | 3 | |
31 total
» upgrades
| Freezing Breath | 1 | |
| Web | 1 | |
| Creature Attack | 1 | |
| Creature Carapace | 1 | |
4 total
» buildings
| Ziggurat | 12 | |
| Crypt | 1 | |
| Graveyard | 1 | |
| Altar of Darkness | 1 | |
| Tomb of Relics | 2 | |
| Halls of the Dead | 1 | |
| Black Citadel | 1 | |
| Sacrificial Pit | 1 | |
| Boneyard | 3 | |
23 total
» build order
00:11 Ziggurat
00:24 Crypt
00:44 Graveyard
01:00 Altar of Darkness
01:24 Ziggurat
02:07 Tomb of Relics
02:13 Tomb of Relics
02:47 Ziggurat
03:20 Halls of the Dead
05:23 Ziggurat
05:24 Ziggurat
05:25 Ziggurat
06:24 Black Citadel
06:29 Sacrificial Pit
07:11 Ziggurat
07:14 Ziggurat
08:48 Boneyard
08:49 Boneyard
08:52 Boneyard
11:41 Ziggurat
Chat log
(01:26 / All) DontTalk2MeNoob: athis is the only map where you wisp scout the expo instead of enemy
(04:13 / All) DontTalk2MeNoob: D
(08:20 / All) DontTalk2MeNoob: YOINK
(08:39 / All) DontTalk2MeNoob: STAY FOCUSED YOUR NAME IS VERY NERDY
(08:41 / All) DontTalk2MeNoob: ARE YOU A NERD?
(08:46 / All) DontTalk2MeNoob: I SEE YOU COOKIE CUTTING UNDEAD ON A SMURF
(08:50 / All) DontTalk2MeNoob: ALL SIGNS INDICATE A YES
(09:25 / All) DontTalk2MeNoob: GG NERD
(09:34 / All) DontTalk2MeNoob: 2-0 UR MOM IS PROUD NOW
(09:56 / Allies) DontTalk2MeNoob: FOCUS DK
(11:03 / Allies) kazumy: create peon
(11:09 / Allies) AzN_VaL: yea thx
(11:17 / Allies) AzN_VaL: hit them?
(11:19 / Allies) AzN_VaL: lol
(11:22 / Allies) DontTalk2MeNoob: YEAH
(11:25 / Allies) DontTalk2MeNoob: WITH UR ONE GUY
(11:26 / Allies) DontTalk2MeNoob: GOGOGO
(11:41 / All) DontTalk2MeNoob: that nerd thought he was gonna go 25-2 rt